| TOP OF THE 1ST |
|
Lakewood BlueClaws batting - Pitching for Peoria Chiefs : RHP Willie Alvarado
|
|
Pitching: RHP Willie Alvarado
|
|
|
Batting: LHB Jonathan Roman
|
0-0: Called Strike 0-1: Ball 1-1: Ball 2-1: Ball 3-1: Called Strike 3-2: SINGLE (Groundball, 34D, EV 106.2 MPH)
|
|
Batting: SHB Steve DeRienzo
|
0-0: Foul Ball, location: 2F 0-1: Ball 1-1: Ball 2-1: Ball Jonathan Roman steals 2nd base (no throw) 3-1: Foul Ball, location: 2F 3-2: Foul Ball, location: 2F 3-2: Ground out 4-3 (Groundball, 4MD, EV 98.1 MPH) Jonathan Roman to third
|
|
Batting: RHB Alan Weller
|
0-0: Ball 1-0: Fly out, F8 (Flyball, 8RD, EV 92.5 MPH) Runner from 3rd tags up, SCORES, throw by CF
|
|
Batting: LHB Josh George
|
0-0: Ball 1-0: Ground out 2-3 (Groundball, 15S, EV 69.4 MPH)
|
| Top of the 1st over - 1 run, 1 hit, 0 errors, 0 left on base; Lakewood 1 - Peoria 0 |
| BOTTOM OF THE 1ST |
|
Peoria Chiefs batting - Pitching for Lakewood BlueClaws : RHP Shamar Hansford
|
|
Pitching: RHP Shamar Hansford
|
|
|
Batting: RHB Robby Hickman
|
0-0: Called Strike 0-1: DOUBLE (Line Drive, 5D, EV 97.5 MPH)
|
|
Batting: RHB Tommy Tracy
|
0-0: Called Strike 0-1: Fly out, F6 (Line Drive, 6, EV 63.8 MPH)
|
|
Batting: RHB Bobby Miles
|
0-0: Reached on error, E5 (Groundball, 56, EV 105.6 MPH) Robby Hickman to third
|
|
Batting: RHB Sam Daw
|
0-0: Called Strike 0-1: Ball 1-1: Swinging Strike 1-2: Ball 2-2: Fly out, F9 (Flyball, 9LM, EV 90.0 MPH) Runner from 3rd tags up, SCORES, no throw by RF
|
|
Batting: RHB Edgar Landim
|
0-0: Ball 1-0: Ball 2-0: Ball 3-0: Called Strike 3-1: 2-RUN HOME RUN (Flyball, 7LD, EV 91.9 MPH), Distance : 335 ft
|
|
Batting: RHB Workneh Lagat
|
0-0: Swinging Strike 0-1: Called Strike 0-2: Ball 1-2: Foul Ball, location: 2F 1-2: Ball 2-2: DOUBLE (Groundball, 5L, EV 104.4 MPH)
|
|
Batting: RHB Fekadu Alhaadi
|
0-0: Ball 1-0: Ball 2-0: Ground out 4-3 (Groundball, 4, EV 86.2 MPH)
|
| Bottom of the 1st over - 3 runs, 3 hits, 1 error, 1 left on base; Lakewood 1 - Peoria 3 |
| TOP OF THE 2ND |
|
Lakewood BlueClaws batting - Pitching for Peoria Chiefs : RHP Willie Alvarado
|
|
Batting: RHB Mike Maserang
|
0-0: Called Strike 0-1: Ground out 5-3 (Groundball, 5, EV 90.0 MPH)
|
|
Batting: RHB Kyle Reilly
|
0-0: Swinging Strike 0-1: Ball 1-1: Ball 2-1: Called Strike 2-2: Ball 3-2: Fly out, F8 (Line Drive, 8RM, EV 92.5 MPH)
|
|
Batting: LHB Eric Farren
|
0-0: Ball 1-0: Ball 2-0: Ball 3-0: Called Strike 3-1: Base on Balls
|
|
Batting: RHB Juan Valadez
|
0-0: Foul Ball, location: 2F 0-1: Ball 1-1: Ball Wild Pitch! Eric Farren to second 2-1: Called Strike 2-2: Ground out 3-1 (Groundball, 13, EV 81.9 MPH)
|
| Top of the 2nd over - 0 runs, 0 hits, 0 errors, 1 left on base; Lakewood 1 - Peoria 3 |
| BOTTOM OF THE 2ND |
|
Peoria Chiefs batting - Pitching for Lakewood BlueClaws : RHP Shamar Hansford
|
|
Batting: RHB Roberto Ruiz
|
0-0: Called Strike 0-1: SINGLE (Line Drive, 89S, EV 98.1 MPH)
|
|
Batting: RHB Kyle Burns
|
0-0: Called Strike 0-1: Foul Ball, location: 2F 0-2: Foul Ball, location: 2F 0-2: Ball 1-2: Ball 2-2: Fly out, F7 (Flyball, 7D, EV 86.2 MPH)
|
|
Batting: RHB Robby Hickman
|
0-0: Fly out, F7 (Line Drive, 78M, EV 95.0 MPH)
|
|
Batting: RHB Tommy Tracy
|
0-0: Ball 1-0: Ball 2-0: Swinging Strike 2-1: Ball 3-1: Called Strike 3-2: Base on Balls Roberto Ruiz to second
|
|
Batting: RHB Bobby Miles
|
0-0: 3-RUN HOME RUN (Flyball, 78XD, EV 100.0 MPH), Distance : 380 ft
|
|
Batting: RHB Sam Daw
|
0-0: Ball 1-0: Ball 2-0: Called Strike 2-1: Ball 3-1: Base on Balls
|
|
Pitching: RHP Jeff van Schaik
|
|
|
Batting: RHB Edgar Landim
|
0-0: Ball 1-0: Foul Ball, location: 2F 1-1: Fly out, F6 (Popup, 6MS, EV 56.2 MPH)
|
| Bottom of the 2nd over - 3 runs, 2 hits, 0 errors, 1 left on base; Lakewood 1 - Peoria 6 |
| TOP OF THE 3RD |
|
Lakewood BlueClaws batting - Pitching for Peoria Chiefs : RHP Willie Alvarado
|
|
Batting: RHB Trent Hedrick
|
0-0: Called Strike 0-1: Ball 1-1: Ball 2-1: TRIPLE (Line Drive, 89XD, EV 107.5 MPH)
|
|
Batting: LHB Jonathan Roman
|
0-0: Ground out 3-1 (Groundball, 34S, EV 81.2 MPH) Trent Hedrick scores
|
|
Batting: SHB Steve DeRienzo
|
0-0: Hit by Pitch
|
|
Pinch Runner at 1st Brett St. Clair:
|
|
|
Batting: RHB Alan Weller
|
0-0: Called Strike 0-1: Ball 1-1: Swinging Strike 1-2: Ball 2-2: Strikes out swinging
|
|
Batting: LHB Josh George
|
0-0: Ball 1-0: Ball 2-0: Fly out, F7 (Flyball, 78S, EV 90.0 MPH)
|
| Top of the 3rd over - 1 run, 1 hit, 0 errors, 1 left on base; Lakewood 2 - Peoria 6 |
| BOTTOM OF THE 3RD |
|
Peoria Chiefs batting - Pitching for Lakewood BlueClaws : RHP Jeff van Schaik
|
|
Now in RF: Brett St. Clair
|
|
|
Batting: RHB Workneh Lagat
|
0-0: Ball 1-0: Swinging Strike 1-1: Called Strike 1-2: Fly out, F9 (Flyball, 9, EV 88.8 MPH)
|
|
Batting: RHB Fekadu Alhaadi
|
0-0: Ball 1-0: Called Strike 1-1: SINGLE (Line Drive, 8RS, EV 103.1 MPH)
|
|
Batting: RHB Roberto Ruiz
|
0-0: Ball 1-0: Foul Ball, location: 2F 1-1: Ball 2-1: Fly out, F8 (Flyball, 8RD, EV 106.9 MPH)
|
|
Batting: RHB Kyle Burns
|
0-0: SINGLE (Flyball, 5D, EV 88.8 MPH) Fekadu Alhaadi to second
|
|
Batting: RHB Robby Hickman
|
0-0: Fielders Choice at 2nd, U6 (Groundball, 6M, EV 76.2 MPH)
|
| Bottom of the 3rd over - 0 runs, 2 hits, 0 errors, 2 left on base; Lakewood 2 - Peoria 6 |
| TOP OF THE 4TH |
|
Lakewood BlueClaws batting - Pitching for Peoria Chiefs : RHP Willie Alvarado
|
|
Batting: RHB Mike Maserang
|
0-0: Ball 1-0: Called Strike 1-1: Ball 2-1: Foul Ball, location: 2F 2-2: Reached on error, E2 (Groundball, 2R, EV 64.4 MPH)
|
|
Batting: RHB Kyle Reilly
|
0-0: Called Strike 0-1: Ball 1-1: Ball 2-1: Swinging Strike 2-2: Ball 3-2: Foul Ball, location: 2F 3-2: Strikes out looking
|
|
Batting: LHB Eric Farren
|
0-0: Called Strike 0-1: Ball 1-1: Ball 2-1: Ball 3-1: Ground out U3 (Groundball, 3L, EV 77.5 MPH) Mike Maserang to third
|
|
Batting: RHB Juan Valadez
|
0-0: Ground out 6-3 (Groundball, 56, EV 110.0 MPH)
|
| Top of the 4th over - 0 runs, 0 hits, 1 error, 1 left on base; Lakewood 2 - Peoria 6 |
| BOTTOM OF THE 4TH |
|
Peoria Chiefs batting - Pitching for Lakewood BlueClaws : RHP Jeff van Schaik
|
|
Batting: RHB Tommy Tracy
|
0-0: Foul Ball, location: 2F 0-1: SINGLE (Line Drive, 78S, EV 101.2 MPH)
|
|
Batting: RHB Bobby Miles
|
0-0: Ball 1-0: Ball 2-0: SINGLE (Groundball, 6D, EV 99.4 MPH) Tommy Tracy to second
|
|
Batting: RHB Sam Daw
|
0-0: Ball 1-0: Fly out, F7 (Flyball, 78D, EV 95.6 MPH)
|
|
Batting: RHB Edgar Landim
|
0-0: Ball 1-0: Called Strike Tommy Tracy steals 3rd base Bobby Miles to second 1-1: Swinging Strike 1-2: Ball 2-2: Strikes out swinging
|
|
Batting: RHB Workneh Lagat
|
0-0: Fly out, F9 (Flyball, 9D, EV 105.0 MPH)
|
| Bottom of the 4th over - 0 runs, 2 hits, 0 errors, 2 left on base; Lakewood 2 - Peoria 6 |
| TOP OF THE 5TH |
|
Lakewood BlueClaws batting - Pitching for Peoria Chiefs : RHP Willie Alvarado
|
|
Batting: RHB Trent Hedrick
|
0-0: Foul Ball, location: 2F 0-1: Ball 1-1: Ball 2-1: Foul Ball, location: 2F 2-2: Strikes out swinging
|
|
Batting: LHB Jonathan Roman
|
0-0: Ball 1-0: Called Strike 1-1: Foul Ball, location: 2F 1-2: Strikes out looking
|
|
Batting: SHB Brett St. Clair
|
0-0: Ball 1-0: SINGLE (Line Drive, 78M, EV 105.6 MPH)
|
|
Batting: RHB Alan Weller
|
0-0: Fielders Choice at 2nd, 6-4 (Groundball, 6MD, EV 85.0 MPH)
|
| Top of the 5th over - 0 runs, 1 hit, 0 errors, 1 left on base; Lakewood 2 - Peoria 6 |
| BOTTOM OF THE 5TH |
|
Peoria Chiefs batting - Pitching for Lakewood BlueClaws : RHP Jeff van Schaik
|
|
Batting: RHB Fekadu Alhaadi
|
0-0: Ground out U3 (Groundball, 34, EV 105.6 MPH)
|
|
Batting: RHB Roberto Ruiz
|
0-0: Called Strike 0-1: Ball 1-1: Called Strike 1-2: Ball 2-2: Ground out 6-3 (Groundball, 6S, EV 78.1 MPH)
|
|
Batting: RHB Kyle Burns
|
0-0: Swinging Strike 0-1: Ball 1-1: Ball 2-1: Foul Ball, location: 2F 2-2: Foul Ball, location: 2F 2-2: Foul Ball, location: 2F 2-2: Ball 3-2: Foul Ball, location: 2F 3-2: Foul Ball, location: 2F 3-2: Foul Ball, location: 2F 3-2: Strikes out swinging
|
| Bottom of the 5th over - 0 runs, 0 hits, 0 errors, 0 left on base; Lakewood 2 - Peoria 6 |
| TOP OF THE 6TH |
|
Lakewood BlueClaws batting - Pitching for Peoria Chiefs : RHP Willie Alvarado
|
|
Batting: LHB Josh George
|
0-0: Called Strike 0-1: SOLO HOME RUN (Line Drive, 7LD, EV 90.6 MPH), Distance : 326 ft
|
|
Batting: RHB Mike Maserang
|
0-0: SINGLE (Line Drive, 4MD, EV 96.9 MPH)
|
|
Batting: RHB Kyle Reilly
|
0-0: Ball 1-0: Called Strike 1-1: Fly out, F1 (Line Drive, P, EV 65.0 MPH) Lined into DP, 1-3 (Line Drive, P, EV 63.8 MPH)
|
|
Batting: LHB Eric Farren
|
0-0: Fly out, F7 (Flyball, 78M, EV 95.6 MPH)
|
| Top of the 6th over - 1 run, 2 hits, 0 errors, 0 left on base; Lakewood 3 - Peoria 6 |
| BOTTOM OF THE 6TH |
|
Peoria Chiefs batting - Pitching for Lakewood BlueClaws : RHP Jeff van Schaik
|
|
Pitching: RHP Alec Guglielmo
|
|
|
Batting: RHB Robby Hickman
|
0-0: Ground out 5-3 (Groundball, 56, EV 96.2 MPH)
|
|
Batting: RHB Tommy Tracy
|
0-0: SINGLE (Groundball, 56D, EV 98.1 MPH)
|
|
Batting: RHB Bobby Miles
|
0-0: Ball 1-0: Ball 2-0: Ball 3-0: Called Strike 3-1: Base on Balls Tommy Tracy to second
|
|
Batting: RHB Sam Daw
|
0-0: Foul Ball, location: 2F 0-1: Ball 1-1: Called Strike 1-2: Ball 2-2: Foul Ball, location: 2F 2-2: Ball 3-2: Fielders Choice at 2nd, 3-6 (Groundball, 34S, EV 76.9 MPH) Tommy Tracy to third
|
|
Batting: RHB Edgar Landim
|
0-0: Ball 1-0: Swinging Strike 1-1: Called Strike 1-2: Foul Ball, location: 2F 1-2: SINGLE (Groundball, 6MD, EV 93.8 MPH) Tommy Tracy scores Sam Daw to second Runner from 2nd tries for 3rd, SAFE, no throw by CF
|
|
Batting: RHB Workneh Lagat
|
0-0: Ball 1-0: Ball 2-0: Called Strike 2-1: Called Strike 2-2: Foul Ball, location: 2F 2-2: Ball 3-2: Base on Balls Edgar Landim to second
|
|
Batting: RHB Fekadu Alhaadi
|
0-0: SINGLE (Groundball, P, EV 88.1 MPH) (infield hit) Sam Daw scores Edgar Landim to third Workneh Lagat to second
|
|
Batting: RHB Roberto Ruiz
|
0-0: Ball 1-0: Ball 2-0: Foul Ball, location: 2F 2-1: Ground out 5-3 (Groundball, 56S, EV 67.5 MPH)
|
| Bottom of the 6th over - 2 runs, 3 hits, 0 errors, 3 left on base; Lakewood 3 - Peoria 8 |
| TOP OF THE 7TH |
|
Lakewood BlueClaws batting - Pitching for Peoria Chiefs : RHP Willie Alvarado
|
|
Batting: RHB Juan Valadez
|
0-0: Foul Ball, location: 2F 0-1: Called Strike 0-2: Strikes out looking
|
|
Batting: RHB Trent Hedrick
|
0-0: Foul Ball, location: 2F 0-1: Ground out 5-3 (Groundball, 5L, EV 85.0 MPH)
|
|
Batting: LHB Jonathan Roman
|
0-0: Called Strike 0-1: Ball 1-1: DOUBLE (Line Drive, 89D, EV 109.4 MPH)
|
|
Batting: SHB Brett St. Clair
|
0-0: Foul Ball, location: 2F 0-1: Swinging Strike 0-2: Foul Ball, location: 2F 0-2: Ground out U3 (Groundball, 3L, EV 84.4 MPH)
|
| Top of the 7th over - 0 runs, 1 hit, 0 errors, 1 left on base; Lakewood 3 - Peoria 8 |
| BOTTOM OF THE 7TH |
|
Peoria Chiefs batting - Pitching for Lakewood BlueClaws : RHP Alec Guglielmo
|
|
Batting: RHB Kyle Burns
|
0-0: Ball 1-0: Ball 2-0: Fly out, F8 (Flyball, 8LD, EV 90.6 MPH)
|
|
Batting: RHB Robby Hickman
|
0-0: Ball 1-0: Ball 2-0: Swinging Strike 2-1: Ball 3-1: Base on Balls
|
|
Pitching: LHP Cesar Andrade
|
|
|
Batting: RHB Tommy Tracy
|
0-0: Ball 1-0: Ball Robby Hickman is caught stealing 2nd base 2-4 2-0: Ball 3-0: Base on Balls
|
|
Batting: RHB Bobby Miles
|
0-0: Swinging Strike 0-1: Ball 1-1: Foul Ball, location: 2F 1-2: Ball 2-2: Foul Ball, location: 2F 2-2: Foul Ball, location: 2F 2-2: SINGLE (Groundball, 6MD, EV 104.4 MPH) Tommy Tracy to second Tommy Tracy to third
|
|
Batting: RHB Sam Daw
|
0-0: Called Strike 0-1: Ball 1-1: Ball 2-1: Called Strike 2-2: SINGLE (Groundball, 6D, EV 108.8 MPH) Tommy Tracy scores Bobby Miles to second
|
|
Batting: RHB Edgar Landim
|
0-0: Called Strike 0-1: Ball 1-1: Fielders Choice at 2nd, U4 (Groundball, 4M, EV 111.2 MPH)
|
| Bottom of the 7th over - 1 run, 2 hits, 0 errors, 2 left on base; Lakewood 3 - Peoria 9 |
| TOP OF THE 8TH |
|
Lakewood BlueClaws batting - Pitching for Peoria Chiefs : RHP Willie Alvarado
|
|
Batting: RHB Alan Weller
|
0-0: Called Strike 0-1: Ground out 6-3 (Groundball, 6D, EV 107.5 MPH)
|
|
Pitching: LHP John Pedlar
|
|
|
Batting: LHB Josh George
|
0-0: Ball 1-0: Ball 2-0: Called Strike 2-1: Ground out 3-1 (Groundball, 34, EV 81.2 MPH)
|
|
Batting: RHB Mike Maserang
|
0-0: Ball 1-0: Ball 2-0: Foul Ball, location: 2F 2-1: Foul Ball, location: 2F 2-2: Fly out, F9 (Flyball, 9, EV 91.9 MPH)
|
| Top of the 8th over - 0 runs, 0 hits, 0 errors, 0 left on base; Lakewood 3 - Peoria 9 |
| BOTTOM OF THE 8TH |
|
Peoria Chiefs batting - Pitching for Lakewood BlueClaws : LHP Cesar Andrade
|
|
Batting: RHB Workneh Lagat
|
0-0: Called Strike 0-1: Ball 1-1: Foul Ball, location: 2F 1-2: DOUBLE (Line Drive, 78M, EV 105.0 MPH)
|
|
Batting: RHB Fekadu Alhaadi
|
0-0: Ball 1-0: Ball 2-0: Called Strike 2-1: DOUBLE (Groundball, 5L, EV 106.2 MPH) Workneh Lagat scores
|
|
Batting: RHB Roberto Ruiz
|
0-0: Ball 1-0: Ball 2-0: Called Strike 2-1: Ball 3-1: Foul Ball, location: 2F 3-2: Base on Balls
|
|
Pitching: RHP John Hughes
|
|
|
Batting: RHB Kyle Burns
|
0-0: Called Strike 0-1: Called Strike 0-2: Ball Passed Ball! Fekadu Alhaadi to third Roberto Ruiz to second 1-2: Ball 2-2: Ball 3-2: Fly out, F4 (Popup, 4D, EV 70.0 MPH)
|
|
Batting: RHB Robby Hickman
|
0-0: Called Strike 0-1: Foul Ball, location: 2F 0-2: Strikes out looking
|
|
Batting: RHB Tommy Tracy
|
0-0: Ball 1-0: Ground out 4-3 (Groundball, 4, EV 84.4 MPH)
|
| Bottom of the 8th over - 1 run, 2 hits, 0 errors, 2 left on base; Lakewood 3 - Peoria 10 |
| TOP OF THE 9TH |
|
Lakewood BlueClaws batting - Pitching for Peoria Chiefs : LHP John Pedlar
|
|
Batting: RHB Kyle Reilly
|
0-0: Called Strike 0-1: Called Strike 0-2: Foul Ball, location: 2F 0-2: Strikes out swinging
|
|
Pinch Hitting: RHB Tony Perez
|
0-0: Ball 1-0: Called Strike 1-1: Foul Ball, location: 2F 1-2: Ball 2-2: Ball 3-2: Strikes out looking
|
|
Batting: RHB Juan Valadez
|
0-0: Called Strike 0-1: Foul Ball, location: 2F 0-2: Ball 1-2: Ground out U3 (Groundball, 23, EV 85.6 MPH)
|
| Top of the 9th over - 0 runs, 0 hits, 0 errors, 0 left on base; Lakewood 3 - Peoria 10 |
|